| TOP OF THE 1ST |
|
Pulaski Yankees batting - Pitching for Princeton Rays : LHP Han Keijzer
|
|
Pitching: LHP Han Keijzer
|
|
|
Batting: LHB Dave Ortiz
|
0-0: Called Strike 0-1: Foul Ball, location: 2F 0-2: Ball 1-2: Ball 2-2: Ball 3-2: Foul Ball, location: 2F 3-2: Foul Ball, location: 2F 3-2: Base on Balls
|
|
Batting: RHB Paul Ngumi
|
0-0: Called Strike 0-1: Foul Ball, location: 2F 0-2: SINGLE (Groundball, 6MD, EV 101.2 MPH) Dave Ortiz to second
|
|
Batting: RHB Ken Stair
|
0-0: Ball 1-0: Fielders Choice at 2nd, 6-4 (Groundball, 6, EV 100.0 MPH) Dave Ortiz to third
|
|
Batting: RHB Jim O'Dwyer
|
0-0: Foul Ball, location: 2F 0-1: Ball Wild Pitch! Dave Ortiz scores Ken Stair to second 1-1: Ball 2-1: Ball 3-1: Base on Balls
|
|
Batting: SHB Dylan Best
|
0-0: Swinging Strike 0-1: Foul Ball, location: 2F 0-2: Ball 1-2: Strikes out looking
|
|
Batting: RHB Jonathan Feldstein
|
0-0: Called Strike 0-1: Ball 1-1: Called Strike 1-2: Strikes out swinging
|
| Top of the 1st over - 1 run, 1 hit, 0 errors, 2 left on base; Pulaski 1 - Princeton 0 |
| BOTTOM OF THE 1ST |
|
Princeton Rays batting - Pitching for Pulaski Yankees : LHP Sergio Huerta
|
|
Pitching: LHP Sergio Huerta
|
|
|
Batting: RHB Toshikatsu Omori
|
0-0: Ball 1-0: Ball 2-0: Ball 3-0: Base on Balls
|
|
Batting: RHB Ben Saxton
|
0-0: Ball 1-0: Ball 2-0: Ball 3-0: Base on Balls Toshikatsu Omori to second
|
|
Batting: SHB Omar Cervantes
|
0-0: Fly out, F8 (Flyball, 89M, EV 94.4 MPH)
|
|
Batting: LHB Dave Northam
|
0-0: Ball 1-0: Ball Wild Pitch! Toshikatsu Omori to third Ben Saxton to second 2-0: Foul Ball, location: 2F 2-1: Foul Ball, location: 2F 2-2: Ball 3-2: Foul Ball, location: 2F 3-2: Foul Ball, location: 2F 3-2: Foul Ball, location: 2F 3-2: Foul Ball, location: 2F 3-2: Foul Ball, location: 2F 3-2: Ground out 6-3 (Groundball, 6MS, EV 66.9 MPH) Toshikatsu Omori scores Ben Saxton to third
|
|
Batting: RHB Sandoval Serzedelo
|
0-0: Ball 1-0: Swinging Strike 1-1: Called Strike 1-2: Ball 2-2: Strikes out swinging
|
| Bottom of the 1st over - 1 run, 0 hits, 0 errors, 1 left on base; Pulaski 1 - Princeton 1 |
| TOP OF THE 2ND |
|
Pulaski Yankees batting - Pitching for Princeton Rays : LHP Han Keijzer
|
|
Batting: RHB Bailey Hays
|
0-0: Ball 1-0: Ball 2-0: Called Strike 2-1: Called Strike 2-2: Ball 3-2: Strikes out looking
|
|
Batting: RHB Scott Cuff
|
0-0: Ball 1-0: Swinging Strike 1-1: Foul Ball, location: 2F 1-2: Ball 2-2: Strikes out swinging
|
|
Batting: RHB Juan Perez
|
0-0: Ball 1-0: Called Strike 1-1: Ball 2-1: Called Strike 2-2: Strikes out swinging
|
| Top of the 2nd over - 0 runs, 0 hits, 0 errors, 0 left on base; Pulaski 1 - Princeton 1 |
| BOTTOM OF THE 2ND |
|
Princeton Rays batting - Pitching for Pulaski Yankees : LHP Sergio Huerta
|
|
Batting: LHB Ian Cranton
|
0-0: Ball 1-0: Foul Ball, location: 2F 1-1: Swinging Strike 1-2: Strikes out swinging
|
|
Batting: RHB Willie Acevedo
|
0-0: Ball 1-0: Ball 2-0: Called Strike 2-1: Swinging Strike 2-2: SINGLE (Groundball, 4M, EV 98.1 MPH) (infield hit)
|
|
Batting: RHB Cody Gebo
|
0-0: Bunted foul 0-1: Foul Ball, location: 2F 0-2: Fielders Choice at 2nd, 4-6 (Groundball, 4D, EV 110.6 MPH)
|
|
Batting: RHB Gilbert Hoareau
|
0-0: Ball 1-0: Called Strike Cody Gebo steals 2nd base 1-1: Called Strike 1-2: Strikes out looking
|
| Bottom of the 2nd over - 0 runs, 1 hit, 0 errors, 1 left on base; Pulaski 1 - Princeton 1 |
| TOP OF THE 3RD |
|
Pulaski Yankees batting - Pitching for Princeton Rays : LHP Han Keijzer
|
|
Batting: LHB Dave Ortiz
|
0-0: Ground out 6-3 (Groundball, 6M, EV 100.6 MPH)
|
|
Batting: RHB Paul Ngumi
|
0-0: Ball 1-0: Ball 2-0: Called Strike 2-1: Ball 3-1: Called Strike 3-2: Base on Balls
|
|
Batting: RHB Ken Stair
|
0-0: Ball 1-0: Foul Ball, location: 2F 1-1: Foul Ball, location: 2F 1-2: Ball Pickoff Throw to First - Out! 1-3 2-2: Foul Ball, location: 2F 2-2: Ball SINGLE, rundown, safe at 1st
|
|
Batting: RHB Jim O'Dwyer
|
0-0: Called Strike 0-1: Ball 1-1: Fly out, F7 (Flyball, 7S, EV 94.4 MPH)
|
| Top of the 3rd over - 0 runs, 1 hit, 0 errors, 1 left on base; Pulaski 1 - Princeton 1 |
| BOTTOM OF THE 3RD |
|
Princeton Rays batting - Pitching for Pulaski Yankees : LHP Sergio Huerta
|
|
Batting: RHB Toshikatsu Omori
|
0-0: Called Strike 0-1: Ball 1-1: Ground out 5-3 (Groundball, 56S, EV 66.9 MPH)
|
|
Batting: RHB Ben Saxton
|
0-0: Swinging Strike 0-1: Ball 1-1: Ball 2-1: Ground out 4-3 (Groundball, 4, EV 84.4 MPH)
|
|
Batting: SHB Omar Cervantes
|
0-0: Ball 1-0: Foul Ball, location: 2F 1-1: Foul Ball, location: 2F 1-2: Foul Ball, location: 2F 1-2: Ball 2-2: DOUBLE (Groundball, 3L, EV 101.2 MPH)
|
|
Pinch Runner at 2nd Bobby Ross:
|
|
|
Batting: LHB Dave Northam
|
0-0: Ball 1-0: Called Strike 1-1: Swinging Strike 1-2: Ball 2-2: Foul Ball, location: 2F 2-2: Ball 3-2: Foul Ball, location: 2F 3-2: 2-RUN HOME RUN (Flyball, 9D, EV 100.6 MPH), Distance : 390 ft
|
|
Batting: RHB Sandoval Serzedelo
|
0-0: Called Strike 0-1: Ball 1-1: SINGLE (Groundball, 6MD, EV 95.6 MPH)
|
|
Batting: LHB Ian Cranton
|
0-0: Ground out 5-3 (Groundball, 56, EV 100.6 MPH)
|
| Bottom of the 3rd over - 2 runs, 3 hits, 0 errors, 1 left on base; Pulaski 1 - Princeton 3 |
| TOP OF THE 4TH |
|
Pulaski Yankees batting - Pitching for Princeton Rays : LHP Han Keijzer
|
|
Now at C: Bobby Ross
|
|
|
Batting: SHB Dylan Best
|
0-0: Ball 1-0: Swinging Strike 1-1: Ball 2-1: Called Strike 2-2: Foul Ball, location: 2F 2-2: Strikes out looking
|
|
Batting: RHB Jonathan Feldstein
|
0-0: Ball 1-0: Called Strike 1-1: Ball 2-1: Ball 3-1: Foul Ball, location: 2F 3-2: Foul Ball, location: 2F 3-2: Ground out 5-3 (Groundball, 56, EV 93.1 MPH)
|
|
Batting: RHB Bailey Hays
|
0-0: Ball 1-0: Fly out, F7 (Flyball, 7, EV 90.6 MPH)
|
| Top of the 4th over - 0 runs, 0 hits, 0 errors, 0 left on base; Pulaski 1 - Princeton 3 |
| BOTTOM OF THE 4TH |
|
Princeton Rays batting - Pitching for Pulaski Yankees : LHP Sergio Huerta
|
|
Batting: RHB Willie Acevedo
|
0-0: SINGLE (Groundball, 56D, EV 106.9 MPH)
|
|
Batting: RHB Cody Gebo
|
0-0: Called Strike Willie Acevedo is caught stealing 2nd base 2-4 0-1: Called Strike 0-2: Strikes out swinging
|
|
Batting: RHB Gilbert Hoareau
|
0-0: Called Strike 0-1: Foul Ball, location: 2F 0-2: Foul Ball, location: 2F 0-2: Ball 1-2: Ball 2-2: Foul Ball, location: 2F 2-2: Foul Ball, location: 2F 2-2: Foul Ball, location: 2F 2-2: Foul Ball, location: 2F 2-2: Strikes out swinging, 2-3 out at first.
|
| Bottom of the 4th over - 0 runs, 1 hit, 0 errors, 0 left on base; Pulaski 1 - Princeton 3 |
| TOP OF THE 5TH |
|
Pulaski Yankees batting - Pitching for Princeton Rays : LHP Han Keijzer
|
|
Batting: RHB Scott Cuff
|
0-0: Foul Ball, location: 2F 0-1: Fly out, F6 (Popup, 6M, EV 71.2 MPH)
|
|
Batting: RHB Juan Perez
|
0-0: SOLO HOME RUN (Line Drive, 9D, EV 106.2 MPH), Distance : 404 ft
|
|
Batting: LHB Dave Ortiz
|
0-0: Foul Ball, location: 2F 0-1: Ball 1-1: Ground out 4-3 (Groundball, 4, EV 81.2 MPH)
|
|
Batting: RHB Paul Ngumi
|
0-0: Foul Ball, location: 2F 0-1: Ball 1-1: Ball 2-1: Ball 3-1: Called Strike 3-2: Base on Balls
|
|
Batting: RHB Ken Stair
|
0-0: Ball 1-0: Ball 2-0: Ball 3-0: Base on Balls Paul Ngumi to second
|
|
Pitching: RHP Jonathan Holland
|
|
|
Pinch Hitting: LHB Troy Jones
|
0-0: Called Strike 0-1: Ball 1-1: Swinging Strike 1-2: Foul Ball, location: 2F 1-2: Ball 2-2: Ball 3-2: 3-RUN HOME RUN (Flyball, 9D, EV 97.5 MPH), Distance : 377 ft
|
|
Batting: SHB Dylan Best
|
0-0: Ball 1-0: Swinging Strike 1-1: Called Strike 1-2: Ball 2-2: Foul Ball, location: 2F 2-2: Strikes out swinging
|
| Top of the 5th over - 4 runs, 2 hits, 0 errors, 0 left on base; Pulaski 5 - Princeton 3 |
| BOTTOM OF THE 5TH |
|
Princeton Rays batting - Pitching for Pulaski Yankees : LHP Sergio Huerta
|
|
Pitching: LHP Jordan Medina
|
|
|
Now at 1B: Chris Viehman
|
|
|
Batting: RHB Toshikatsu Omori
|
0-0: Swinging Strike 0-1: Swinging Strike 0-2: Ball 1-2: Ball 2-2: Fly out, F8 (Flyball, 8RD, EV 104.4 MPH)
|
|
Batting: RHB Ben Saxton
|
0-0: Ball 1-0: Ball 2-0: Called Strike 2-1: Ball 3-1: Swinging Strike 3-2: Strikes out swinging
|
|
Batting: RHB Bobby Ross
|
0-0: Ball 1-0: Ground out U3 (Groundball, 3S, EV 79.4 MPH)
|
| Bottom of the 5th over - 0 runs, 0 hits, 0 errors, 0 left on base; Pulaski 5 - Princeton 3 |
| TOP OF THE 6TH |
|
Pulaski Yankees batting - Pitching for Princeton Rays : RHP Jonathan Holland
|
|
Batting: RHB Jonathan Feldstein
|
0-0: Ball 1-0: Ball 2-0: Foul Ball, location: 2F 2-1: Foul Ball, location: 2F 2-2: Strikes out swinging
|
|
Batting: RHB Bailey Hays
|
0-0: Ball 1-0: Ball 2-0: Called Strike 2-1: Foul Ball, location: 2F 2-2: Strikes out swinging
|
|
Batting: RHB Scott Cuff
|
0-0: Called Strike 0-1: Called Strike 0-2: Ball 1-2: Ball 2-2: Strikes out swinging
|
| Top of the 6th over - 0 runs, 0 hits, 0 errors, 0 left on base; Pulaski 5 - Princeton 3 |
| BOTTOM OF THE 6TH |
|
Princeton Rays batting - Pitching for Pulaski Yankees : LHP Jordan Medina
|
|
Batting: LHB Dave Northam
|
0-0: Reached on error, E6 (Groundball, 6D, EV 91.2 MPH)
|
|
Batting: RHB Sandoval Serzedelo
|
0-0: Ball 1-0: Swinging Strike 1-1: Ball 2-1: 2-RUN HOME RUN (Flyball, 9LD, EV 97.5 MPH), Distance : 365 ft
|
|
Batting: LHB Ian Cranton
|
0-0: Called Strike 0-1: Foul Ball, location: 2F 0-2: Strikes out swinging
|
|
Batting: RHB Willie Acevedo
|
0-0: Swinging Strike 0-1: Ball 1-1: Called Strike 1-2: SOLO HOME RUN (Flyball, 7D, EV 94.4 MPH), Distance : 362 ft
|
|
Pitching: RHP Yoshida Abe
|
|
|
Batting: RHB Cody Gebo
|
0-0: Ball 1-0: Called Strike 1-1: Foul Ball, location: 2F 1-2: Ball 2-2: Strikes out swinging, 2-3 out at first.
|
|
Batting: RHB Gilbert Hoareau
|
0-0: Ball 1-0: Called Strike 1-1: Foul Ball, location: 2F 1-2: Ball 2-2: Ball 3-2: Strikes out swinging
|
| Bottom of the 6th over - 3 runs, 2 hits, 1 error, 0 left on base; Pulaski 5 - Princeton 6 |
| TOP OF THE 7TH |
|
Pulaski Yankees batting - Pitching for Princeton Rays : RHP Jonathan Holland
|
|
Pinch Hitting: RHB Yasuoka Tsuda
|
0-0: Ball 1-0: Ball 2-0: Foul Ball, location: 2F 2-1: Swinging Strike 2-2: Hit by Pitch
|
|
Batting: LHB Dave Ortiz
|
0-0: Ball 1-0: Sac Bunt to 23 - play at first, batter OUT! 3-4 Yasuoka Tsuda to second
|
|
Batting: RHB Paul Ngumi
|
0-0: Called Strike 0-1: Foul Ball, location: 2F 0-2: DOUBLE (Line Drive, 89D, EV 100.6 MPH) Yasuoka Tsuda scores
|
|
Batting: RHB Ken Stair
|
0-0: Intentional Walk
|
|
Batting: LHB Chris Viehman
|
0-0: Called Strike 0-1: Ball 1-1: Ball 2-1: Foul Ball, location: 2F 2-2: Foul Ball, location: 2F 2-2: Ball 3-2: Base on Balls Paul Ngumi to third Ken Stair to second
|
|
Batting: SHB Dylan Best
|
0-0: Ball 1-0: Ball 2-0: Ball 3-0: Called Strike 3-1: Foul Ball, location: 2F 3-2: Foul Ball, location: 2F 3-2: Strikes out swinging
|
|
Pinch Hitting: LHB Victor Reyna
|
0-0: Foul Ball, location: 2F 0-1: Ball 1-1: Swinging Strike 1-2: Ball 2-2: Strikes out swinging
|
| Top of the 7th over - 1 run, 1 hit, 0 errors, 3 left on base; Pulaski 6 - Princeton 6 |
| BOTTOM OF THE 7TH |
|
Princeton Rays batting - Pitching for Pulaski Yankees : RHP Yoshida Abe
|
|
Now at 3B: Edwin Sierra
|
|
|
Now at SS: Victor Garcia
|
|
|
Batting: RHB Toshikatsu Omori
|
0-0: DOUBLE (Line Drive, 89M, EV 103.1 MPH)
|
|
Pinch Hitting: LHB Jonathan Watt
|
0-0: Ball 1-0: SINGLE (Line Drive, 56D, EV 105.6 MPH) Toshikatsu Omori to third
|
|
Batting: RHB Bobby Ross
|
0-0: Called Strike 0-1: Ball 1-1: Ball 2-1: Swinging Strike 2-2: Ball 3-2: Foul Ball, location: 2F 3-2: Base on Balls Jonathan Watt to second
|
|
Batting: LHB Dave Northam
|
0-0: Ball 1-0: Foul Ball, location: 2F 1-1: Grounds into fielders choice 6-2 (Groundball, 6, EV 88.1 MPH) Jonathan Watt to third Bobby Ross to second
|
|
Batting: RHB Sandoval Serzedelo
|
0-0: Called Strike 0-1: Called Strike 0-2: Ball 1-2: Strikes out swinging
|
|
Batting: LHB Ian Cranton
|
0-0: Foul Ball, location: 2F 0-1: Ball 1-1: Ball 2-1: Foul Ball, location: 2F 2-2: Ball 3-2: Foul Ball, location: 2F 3-2: SINGLE (Groundball, 6MD, EV 97.5 MPH) Jonathan Watt scores Bobby Ross to third Dave Northam to second Bobby Ross scores Dave Northam to third
|
|
Batting: RHB Willie Acevedo
|
0-0: Ball 1-0: Swinging Strike 1-1: Ball 2-1: Called Strike 2-2: Reached on error, E6 (Groundball, 6, EV 105.6 MPH) Dave Northam scores Ian Cranton to second
|
|
Pitching: RHP Mauricio Zambrana
|
|
|
Batting: RHB Cody Gebo
|
0-0: Called Strike 0-1: Foul Ball, location: 2F 0-2: Ball 1-2: Ground out 3-1 (Groundball, 34, EV 88.8 MPH)
|
| Bottom of the 7th over - 3 runs, 3 hits, 1 error, 2 left on base; Pulaski 6 - Princeton 9 |
| TOP OF THE 8TH |
|
Pulaski Yankees batting - Pitching for Princeton Rays : RHP Jonathan Holland
|
|
Pitching: RHP Vince Martinez
|
|
|
Now at SS: Dan Trainer
|
|
|
Batting: RHB Bailey Hays
|
0-0: Called Strike 0-1: Foul Ball, location: 2F 0-2: Strikes out looking
|
|
Pinch Hitting: RHB Jose Villanueva
|
0-0: Called Strike 0-1: Ball 1-1: Ball 2-1: Foul Ball, location: 2F 2-2: Foul Ball, location: 2F 2-2: Strikes out swinging
|
|
Batting: RHB Victor Garcia
|
0-0: Ball 1-0: Ground out 5-3 (Groundball, 5, EV 97.5 MPH)
|
| Top of the 8th over - 0 runs, 0 hits, 0 errors, 0 left on base; Pulaski 6 - Princeton 9 |
| BOTTOM OF THE 8TH |
|
Princeton Rays batting - Pitching for Pulaski Yankees : RHP Mauricio Zambrana
|
|
Now in RF: Rip Log
|
|
|
Batting: RHB Gilbert Hoareau
|
0-0: Ball 1-0: Ball 2-0: Hit by Pitch
|
|
Batting: RHB Toshikatsu Omori
|
0-0: Ball 1-0: Ball Gilbert Hoareau is caught stealing 2nd base 2-4 2-0: Ball 3-0: Called Strike 3-1: Called Strike 3-2: Base on Balls
|
|
Batting: SHB Dan Trainer
|
0-0: Foul Ball, location: 2F 0-1: Ball 1-1: Called Strike 1-2: SINGLE (Groundball, 6M, EV 111.2 MPH) (infield hit) Toshikatsu Omori to second
|
|
Batting: RHB Bobby Ross
|
0-0: Ball 1-0: Called Strike 1-1: Ball 2-1: Ball 3-1: Base on Balls Toshikatsu Omori to third Dan Trainer to second
|
|
Pitching: RHP Chris Bryant
|
|
|
Batting: LHB Dave Northam
|
0-0: Ball 1-0: Foul Ball, location: 2F 1-1: Swinging Strike 1-2: Foul Ball, location: 2F 1-2: Ball 2-2: Fly out, F7 (Flyball, 78S, EV 89.4 MPH) Runner from 3rd tags up, SCORES, throw by LF
|
|
Batting: RHB Sandoval Serzedelo
|
0-0: DOUBLE (Groundball, 3L, EV 98.1 MPH) Dan Trainer scores Bobby Ross to third
|
|
Batting: LHB Ian Cranton
|
0-0: Called Strike 0-1: Ball 1-1: Foul Ball, location: 2F 1-2: Ball 2-2: Ball 3-2: Base on Balls
|
|
Batting: RHB Willie Acevedo
|
0-0: Called Strike 0-1: Ball 1-1: Swinging Strike 1-2: Ball 2-2: Foul Ball, location: 2F 2-2: Ball 3-2: Base on Balls Bobby Ross scores Sandoval Serzedelo to third Ian Cranton to second
|
|
Batting: RHB Cody Gebo
|
0-0: Called Strike 0-1: Ball 1-1: Foul Ball, location: 2F 1-2: Strikes out swinging
|
| Bottom of the 8th over - 3 runs, 2 hits, 0 errors, 3 left on base; Pulaski 6 - Princeton 12 |
| TOP OF THE 9TH |
|
Pulaski Yankees batting - Pitching for Princeton Rays : RHP Vince Martinez
|
|
Batting: LHB Dave Ortiz
|
0-0: Foul Ball, location: 2F 0-1: Ball 1-1: Called Strike 1-2: Strikes out swinging
|
|
Batting: RHB Paul Ngumi
|
0-0: Foul Ball, location: 2F 0-1: Foul Ball, location: 2F 0-2: Hit by Pitch
|
|
Batting: RHB Ken Stair
|
0-0: Ball 1-0: Foul Ball, location: 2F 1-1: SINGLE (Groundball, 56D, EV 100.0 MPH) Paul Ngumi to second
|
|
Batting: LHB Chris Viehman
|
0-0: Foul Ball, location: 2F 0-1: Fly out, F8 (Flyball, 78D, EV 103.1 MPH)
|
|
Batting: SHB Dylan Best
|
0-0: Ball 1-0: Called Strike 1-1: Ball 2-1: Ball 3-1: Ground out U3 (Groundball, 3, EV 85.6 MPH)
|
| Top of the 9th over - 0 runs, 1 hit, 0 errors, 2 left on base; Pulaski 6 - Princeton 12 |
|